 Dungeon Crawl Stone Soup version 0.19.0-23-gf02e663 (webtiles) character file.

11593 RKaid the Severer (level 11, 0/82 HPs)
             Began as a Minotaur Berserker on Nov 19, 2016.
             Was a High Priest of Trog.
             Slain by Sonja
             ... wielding a +2 short sword of draining
              (1 damage)
             ... on level 3 of the Lair of Beasts.
             The game lasted 00:16:56 (10403 turns).

RKaid the Severer (Minotaur Berserker)             Turns: 10403, Time: 00:16:56

Health: 0/82       AC: 11    Str: 24    XL:     11   Next: 51%
Magic:  0/10       EV: 11    Int: 12    God:    Trog [*****.]
Gold:   575        SH:  0    Dex: 12    Spells: 0 memorised, 10 levels left

rFire  . . .     SeeInvis .     C - +2 battleaxe (elec)
rCold  . . .     Gourm    .     m - +1 leather armour "Estoum" {rPois Int+2 Dex+2}
rNeg   . . .     Faith    .     (shield currently unavailable)
rPois  +         Spirit   +     c - +2 hat
rElec  .         Reflect  .     G - +0 cloak
rCorr  .         Harm     .     w - +0 pair of gloves
MR     .....                    (no boots)
Stlth  +.........               E - amulet of guardian spirit {Spirit}
                                F - +5 ring of intelligence
                                D - +3 ring of protection

@: exhausted, slowed, very heavily drained, very slow
A: retaliatory headbutt, horns 2
a: Berserk, Trog's Hand, Brothers in Arms, Burn Spellbooks, Renounce Religion


You were on level 3 of the Lair of Beasts.
You worshipped Trog.
Trog was extremely pleased with you.
You were very hungry.

You visited 2 branches of the dungeon, and saw 11 of its levels.

You collected 575 gold pieces.

Inventory:

Hand Weapons
 a - a +0 hand axe
 e - a +0 hand axe of flaming
   (You found it on level 1 of the Dungeon)
 C - a +2 battleaxe of electrocution (weapon)
   (Trog gifted it to you on level 8 of the Dungeon)
Missiles
 r - a throwing net {=f}
 A - 5 javelins of returning (quivered)
Armour
 c - a +2 hat (worn)
   (You found it on level 4 of the Dungeon)
 m - the +1 leather armour "Estoum" (worn) {rPois Int+2 Dex+2}
   (You found it on level 4 of the Dungeon)

   It affects your intelligence (+2).
   It affects your dexterity (+2).
   It protects you from poison.
 p - a +2 ring mail of poison resistance
   (You found it on level 4 of the Dungeon)
 w - a +0 pair of gloves (worn)
   (You found it on level 6 of the Dungeon)
 G - a +0 cloak (worn)
   (You found it on level 1 of the Lair of Beasts)
Jewellery
 y - an uncursed ring of stealth {Stlth+}
   (You found it on level 7 of the Dungeon)
 D - a +3 ring of protection (left hand)
   (You found it on level 1 of the Lair of Beasts)
 E - an amulet of guardian spirit (around neck) {Spirit}
   (You found it on level 1 of the Lair of Beasts)
 F - a +5 ring of intelligence (right hand)
   (You found it on level 1 of the Lair of Beasts)
Wands
 f - a wand of slowing (37/48)
   (You found it on level 2 of the Dungeon)
Scrolls
 d - a scroll of fog
 g - 9 scrolls of identify
 k - 3 scrolls of teleportation
 n - a scroll of recharging {unknown}
 q - a scroll of holy word {unknown}
 s - a scroll of magic mapping {!r}
 u - 2 scrolls of blinking {unknown}
 B - a scroll of brand weapon {unknown}
 H - a scroll of enchant weapon {unknown}
 J - a scroll of remove curse
Potions
 b - a potion of berserk rage {unknown}
 h - a potion of lignification {unknown}
 l - 3 potions of flight {unknown}
 o - a potion of ambrosia
 x - 2 potions of curing
 z - 3 potions of heal wounds {unknown}
Books
 L - the Collected Works on Twisted Cold
   (You found it on level 3 of the Lair of Beasts)

   Spells                             Type                      Level
   a - Animate Skeleton               Necromancy                   1
   b - Sublimation of Blood           Necromancy                   2
   c - Ozocubu's Armour               Charms/Ice                   3
   d - Throw Icicle                   Conjuration/Ice              4
   e - Control Undead                 Necromancy                   4
   Trog disapproves of the use of such an item.
Comestibles
 i - 7 bread rations
 j - 2 beef jerkies
 t - 7 slices of pizza
 v - 3 meat rations
 I - a royal jelly
 K - 3 fruits


   Skills:
 - Level 3.6(0.0) Fighting
 + Level 20.0(9.1) Axes
 - Level 2.4(0.0) Armour
 - Level 2.1(0.0) Dodging


You had 10 spell levels left.
You didn't know any spells.

Dungeon Overview and Level Annotations

Branches:
Dungeon (8/15)             Temple (0/1) D:7            Lair (3/6) D:8
 Shoals (0/4) Lair:2
  Snake: Lair:2-4    Spider: Lair:2-4

Altars:
Fedhas
Qazlal
Ru
Vehumet

Shops:
D:5 *

Annotations:
Lair:3 Sonja


Innate Abilities, Weirdness & Mutations

You reflexively headbutt those who attack you in melee.
You have a pair of horns on your head.


Message History

You feel yourself slow down.
You see here a curare-tipped needle.
You feel very sick.
Sonja casts a spell.
Sonja blinks!
You feel sick.
Sonja shoots a curare-tipped needle.
The curare-tipped needle barely misses you.
Sonja mumbles some strange words.
Sonja blinks!
You feel sick.
Sonja shoots a curare-tipped needle.
The curare-tipped needle hits you.
Sonja drinks a potion.
Sonja seems to grow stronger.
You see here a curare-tipped needle.
You feel sick.
Sonja unwields an uncursed blowgun.
Sonja wields an uncursed short sword of draining.
You sense an unholy aura.
Sonja barely misses you. You furiously retaliate!
You headbutt Sonja. Sonja barely misses you. Sonja completely misses you.
Sonja hits you with an uncursed short sword of draining.
You feel drained. Sonja hits you but does no damage.
You feel drained. Sonja hits you but does no damage.
You feel drained.
A red film seems to cover your vision as you go berserk!
You feel yourself moving faster!
You feel mighty!
You are feeling very hungry.
You feel sick.
Sonja hits you with an uncursed short sword of draining!
You feel drained.
Sonja hits you with an uncursed short sword of draining.
You feel drained. Sonja misses you. Sonja closely misses you.
Sonja hits you with an uncursed short sword of draining.
You feel drained. Sonja hits you but does no damage.
You feel drained.
You miss Sonja. Your headbutt misses Sonja.
You feel sick.
Sonja zaps a wand.
The bolt of lightning hits you!
It is a wand of lightning.
You closely miss Sonja.
Sonja hits you with an uncursed short sword of draining.
You feel drained. Sonja hits you but does no damage.
You feel drained. Sonja hits you but does no damage.
You feel drained.
You completely miss Sonja. Your headbutt misses Sonja.
You feel sick.
Sonja hits you with an uncursed short sword of draining.
You feel drained. Sonja closely misses you. Sonja hits you but does no damage.
You feel drained.
You closely miss Sonja. Your headbutt misses Sonja.
You feel sick.
Sonja hits you with an uncursed short sword of draining!
You feel drained. Sonja barely misses you. x2
You barely miss Sonja. Your headbutt misses Sonja.
Sonja hits you but does no damage.
You feel drained.
Sonja hits you with an uncursed short sword of draining.
You feel drained.
Sonja hits you with an uncursed short sword of draining.
You feel drained. Sonja barely misses you. You furiously retaliate!
You headbutt Sonja! Sonja hits you but does no damage.
You feel drained. Sonja barely misses you.
You barely miss Sonja.
You feel sick.
Sonja hits you with an uncursed short sword of draining.
You feel drained.
* * * LOW HITPOINT WARNING * * *
Sonja hits you but does no damage.
You feel drained. Sonja closely misses you.
You miss Sonja.
You feel sick.
Sonja hits you with an uncursed short sword of draining!
* * * LOW HITPOINT WARNING * * *
You feel drained.
Sonja hits you with an uncursed short sword of draining!
* * * LOW HITPOINT WARNING * * *
You feel drained. Sonja hits you but does no damage.
You feel drained.
You are too berserk!
You barely miss Sonja. Your headbutt misses Sonja.
Sonja hits you with an uncursed short sword of draining.
* * * LOW HITPOINT WARNING * * *
You feel drained.
* * * LOW HITPOINT WARNING * * *
Sonja completely misses you.
Sonja hits you with an uncursed short sword of draining.
* * * LOW HITPOINT WARNING * * *
You feel drained.
Sonja hits you with an uncursed short sword of draining!
* * * LOW HITPOINT WARNING * * *
You feel drained. Sonja closely misses you. Sonja completely misses you.
You are too berserk!
You are too berserk!
You feel yourself speed up.
You are no longer berserk.
You are exhausted.
You feel yourself slow down.
* * * LOW HITPOINT WARNING * * *
You feel sick.
Sonja gestures wildly while chanting.
Sonja blinks!
It was a potion of curing.
You feel better.
Sonja mumbles some strange words.
Sonja blinks!
You feel better.
Sonja hits you with an uncursed short sword of draining.
* * * LOW HITPOINT WARNING * * *
You feel drained.
* * * LOW HITPOINT WARNING * * *
Sonja hits you with an uncursed short sword of draining.
* * * LOW HITPOINT WARNING * * *
You feel drained.
Sonja hits you with an uncursed short sword of draining!
* * * LOW HITPOINT WARNING * * *
You feel drained.
You die...

..........# #..
............# #..
............# ##.
............# ##P>
............# #...
............## ###.
..........(..###### #..
.......K.((.......# ###.
.......@(.........###...
.................###....
........§...............
.................#.#....
.......#§..#.....P......
.....#.#...#.....P......
.....#.P.<#.#..#.#......
.....#...........#......
.......................


You could see Sonja.

Vanquished Creatures
  A hydra (Lair:3)
  Nergalle (Lair:3)
  Pikel (D:7)
  A black mamba (Lair:2)
  2 spiny frogs
  A komodo dragon (Lair:2)
  8 blink frogs
  A hippogriff (Lair:2)
  Sigmund (D:3)
  Eustachio (D:6)
  A wyvern (Lair:3)
  4 basilisks
  4 hogs (D:7)
  6 yaks (Lair:2)
  A human (D:7)
  A water moccasin (D:8)
  3 orc warriors
  2 ice beasts
  A black bear (D:8)
  3 phantoms
  An eye of draining (D:8)
  2 ogres (D:5)
  2 centaurs
  9 crocodiles
  2 big kobolds
  4 bullfrogs
  A gnoll sergeant (D:5)
  6 scorpions
  9 wights (D:7)
  3 howler monkeys
  2 crimson imps
  A bullfrog zombie (D:7)
  A lava snake (Lair:2)
  2 hounds
  A jelly (D:5)
  A centaur skeleton (D:4)
  3 orc priests
  8 orc wizards
  Jessica (D:2)
  2 iguanas
  9 worker ants
  A hound zombie (D:5)
  A hound skeleton (D:4)
  A worker ant zombie (D:5)
  2 howler monkey skeletons (D:4)
  Robin (D:3)
  13 gnolls (D:5)
  4 river rats (D:8)
  12 adders
  A shadow imp (D:5)
  An ooze (D:4)
  An adder skeleton (D:8)
  3 worms
  2 dart slugs
  A leopard gecko (D:3)
  21 orcs
  2 ball pythons
  2 giant cockroaches
  10 hobgoblins
  6 jackals (D:3)
  19 kobolds
  4 quokkas
  16 bats
  5 frilled lizards
  13 goblins
  17 rats
  2 fungi
  3 plants
278 creatures vanquished.

Vanquished Creatures (others)
  3 slaves (D:7)
  4 kobolds (D:7)
  2 fire vortices (Lair:2)
  18 fungi
  8 plants
35 creatures vanquished.

Grand Total: 313 creatures vanquished

Notes
Turn   | Place    | Note
-------+----------+-------------------------------------------
     0 | D:1      | RKaid the Minotaur Berserker began the quest for the Orb.
     0 | D:1      | Reached XP level 1. HP: 19/19 MP: 0/0
    20 | D:1      | HP: 3/19 [dart slug/slug dart (5)]
    21 | D:1      | Reached skill level 4 in Axes
   435 | D:1      | Reached XP level 2. HP: 22/26 MP: 1/1
  1007 | D:2      | Noticed Jessica
  1015 | D:2      | Reached skill level 5 in Axes
  1015 | D:2      | Reached XP level 3. HP: 22/31 MP: 2/2
  1205 | D:2      | Killed Jessica
  1455 | D:2      | Reached ** piety under Trog
  1485 | D:2      | Reached skill level 6 in Axes
  1485 | D:2      | Reached XP level 4. HP: 26/39 MP: 3/3
  1885 | D:2      | Found a blossoming altar of Fedhas.
  2066 | D:3      | Noticed Sigmund
  2076 | D:3      | Killed Sigmund
  2076 | D:3      | Reached skill level 8 in Axes
  2076 | D:3      | Reached XP level 5. HP: 45/45 MP: 4/4
  2272 | D:3      | Reached XP level 6. HP: 41/51 MP: 5/5
  2982 | D:3      | Noticed Robin
  2997 | D:3      | Killed Robin
  3194 | D:3      | Reached *** piety under Trog
  3264 | D:4      | Reached skill level 9 in Axes
  3446 | D:4      | Reached XP level 7. HP: 57/57 MP: 6/6
  3600 | D:4      | Reached skill level 10 in Axes
  3961 | D:4      | Got a jewelled leather armour
  3972 | D:4      | Identified the +1 leather armour "Estoum" {rPois Int+2 Dex+2} (You found it on level 4 of the Dungeon)
  4065 | D:5      | Entered Level 5 of the Dungeon
  4079 | D:5      | Reached skill level 11 in Axes
  4117 | D:5      | Identified the Almanac of the Vitriolic Entourage
  4133 | D:5      | Reached **** piety under Trog
  4139 | D:5      | Reached XP level 8. HP: 27/64 MP: 7/7
  4573 | D:5      | Found Cokkokk's Commerce Corner.
  4622 | D:5      | Reached skill level 12 in Axes
  4794 | D:5      | Received a gift from Trog
  4966 | D:5      | Reached skill level 13 in Axes
  5486 | D:6      | Found a stormy altar of Qazlal.
  5487 | D:6      | Noticed Eustachio
  5498 | D:6      | Killed Eustachio
  5498 | D:6      | Reached XP level 9. HP: 66/70 MP: 8/8
  5547 | D:6      | Reached skill level 14 in Axes
  5614 | D:6      | Found a sacrificial altar of Ru.
  5750 | D:6      | Reached ***** piety under Trog
  6162 | D:7      | Found a staircase to the Ecumenical Temple.
  6335 | D:7      | Found a radiant altar of Vehumet.
  6381 | D:7      | Noticed Pikel
  6395 | D:7      | Killed Pikel
  6395 | D:7      | Reached skill level 15 in Axes
  6533 | D:7      | Reached skill level 16 in Axes
  6541 | D:7      | Reached XP level 10. HP: 77/77 MP: 9/9
  7487 | D:8      | Reached skill level 17 in Axes
  7487 | D:8      | Received a gift from Trog
  7519 | D:8      | Found a staircase to the Lair.
  7525 | D:8      | Received a gift from Trog
  7697 | Lair:1   | Entered Level 1 of the Lair of Beasts
  7986 | Lair:1   | Noticed a spiny frog
  8188 | Lair:1   | Killed a spiny frog
  8196 | Lair:1   | Reached skill level 18 in Axes
  8714 | Lair:2   | Noticed a black mamba
  8720 | Lair:2   | Killed a black mamba
  8806 | Lair:2   | Found a staircase to the Shoals.
  9062 | Lair:2   | Noticed a spiny frog
  9069 | Lair:2   | Killed a spiny frog
  9069 | Lair:2   | Reached XP level 11. HP: 75/82 MP: 10/10
  9241 | Lair:2   | Reached skill level 19 in Axes
 10162 | Lair:3   | Noticed Nergalle
 10178 | Lair:3   | Killed Nergalle
 10258 | Lair:3   | Noticed a seven-headed hydra
 10264 | Lair:3   | Killed a nine-headed hydra
 10264 | Lair:3   | Reached skill level 20 in Axes
 10354 | Lair:3   | Identified the Collected Works on Twisted Cold
 10383 | Lair:3   | Noticed Sonja
 10399 | Lair:3   | HP: 23/123 [Sonja/uncursed short sword of draining (12)]
 10400 | Lair:3   | HP: 9/123 [Sonja/uncursed short sword of draining (3)]
 10400 | Lair:3   | HP: 3/123 [Sonja/uncursed short sword of draining (6)]
 10403 | Lair:3   | HP: 1/82 [Sonja/uncursed short sword of draining (8)]
 10403 | Lair:3   | Slain by Sonja

Skill      XL: |  1  2  3  4  5  6  7  8  9 10 11 |
---------------+----------------------------------+-----
Axes           | 4 5 6 8 9 11 13 16 18 20 | 20.0
Fighting       | |  3.6
Armour         | |  2.4
Dodging        | |  2.1

Action                   |  1- 3 |  4- 6 |  7- 9 | 10-12 || total
-------------------------+-------+-------+-------+-------++-------
Melee: Hand axe          |    67 |    96 |   295 |   121 ||   579
       Headbutt          |     6 |    11 |    54 |    45 ||   116
       Battleaxe         |       |       |       |   114 ||   114
Throw: Javelin           |       |       |    52 |    42 ||    94
Invok: Berserk           |     1 |     3 |     6 |     5 ||    15
       Burn Spellbooks   |       |       |     1 |     3 ||     4
  Use: Scroll            |       |     4 |     2 |     3 ||     9
       Potion            |       |       |       |     2 ||     2
  Eat: Bread ration      |     1 |       |       |       ||     1
       Chunk             |       |     6 |    16 |    12 ||    34
       Beef jerky        |       |       |       |     2 ||     2
       Royal jelly       |       |       |       |     1 ||     1
Armor: Animal skin       |    14 |    13 |       |       ||    27
       Ring mail         |       |       |    22 |       ||    22
       Leather armour    |       |       |    40 |    67 ||   107
Dodge: Dodged            |    49 |    57 |   111 |    95 ||   312

Vault maps used:
D:1:      dpeg_arrival_shelter, minmay_liquid_box, kennysheep_small_spiral
D:2:      cheibrodos_helix_gallery, lemuel_coloured_pillars_altar, first_bread,
          uniq_jessica
D:3:      uniq_robin, uniq_sigmund
D:4:      lemuel_upstairs_altar
D:5:      gup_sewer_entry_spiral, nicolae_alphabet_shops, st_stairs_5,
          corexii_leaking_fountain, grunt_ministairs_4
D:6:      nicolae_qazlal_general_emergency, minmay_stone_trees_small,
          nicolae_ru_great_annihilating_truth, uniq_eustachio
D:7:      fiery_altar_vehumet, grunt_livestock, uniq_pikel
D:8:      grunt_lair_entry_orc_guard_hut
Lair:1:   serial_bayou_shore_a, infiniplex_staircase_pool_2,
          serial_bayou_shore_b, lemuel_fruit_tree
Lair:2:   elwin_shoals_entry_rocks, lemuel_fruit_fields
Lair:3:   uniq_sonja, uniq_nergalle

Table legend:
 A = Turns spent in this place as a percentage of turns spent in the entire game.
 B = Non-inter-level travel turns spent in this place as a percentage of non-inter-level travel turns spent in the entire game.
 C = Inter-level travel turns spent in this place as a percentage of turns spent in this place.
 D = Turns resting spent in this place as a percentage of non-inter-level travel turns spent in this place.
 E = Turns spent auto-exploring this place as a percentage of non-inter-level travel turns spent in this place.
 F = Non-inter-level travel turns spent in this place divided by the number of levels of this place that you've seen.
                   A       B       C       D       E      F
               +-------+-------+-------+-------+-------+----------------------
         Total | 100.0 | 100.0 |   0.3 |   4.9 |  10.2 | 242.6
       Dungeon |  79.1 |  79.1 |   0.4 |   4.5 |  10.8 | 263.8
          Lair |  20.9 |  20.9 |   0.2 |   6.6 |   8.2 | 186.3
               +-------+-------+-------+-------+-------+----------------------

Table legend:
 A = Kills in this place as a percentage of kills in entire the game.
 B = Kills by you in this place as a percentage of kills by you in the entire game.
 C = Kills by friends in this place as a percentage of kills by friends in the entire game.
 D = Other kills in this place as a percentage of other kills in the entire game.
 E = Experience gained in this place as a percentage of experience gained in the entire game.
 F = Experience gained in this place divided by the number of levels of this place that you have seen.
                   A       B       C       D       E      F
               +-------+-------+-------+-------+-------+----------------------
         Total | 100.0 | 100.0 |  -nan |  -nan | 100.0 | 1505.6
       Dungeon |  86.4 |  86.4 |  -nan |  -nan |  45.3 | 938.5
          Lair |  13.6 |  13.6 |  -nan |  -nan |  54.7 | 3018.0
               +-------+-------+-------+-------+-------+----------------------
